 Dungeon Crawl Stone Soup version 0.30-a0-782-ge64f9170bb (console) character file.

Game seed: 6110776377397575616

1071 utis the Ducker (level 8, 0/48 HPs)
             Began as a Tengu Wanderer on Feb 26, 2023.
             Slain by a killer bee (1 damage)
             ... on level 6 of the Dungeon.
             The game lasted 00:21:56 (5758 turns).

utis the Ducker (Tengu Wanderer)                    Turns: 5758, Time: 00:21:57

Health: 0/48       AC: 10    Str: 12 (13) XL:     8   Next: 28%
Magic:  12/12      EV: 13    Int: 14 (16) God:
Gold:   294        SH:  0    Dex: 15 (16) Spells: 4/11 levels left

rFire   . . .      SeeInvis .    a - +3 dagger (elec)
rCold   . . .      Faith    .    (no shield)
rNeg    . . .      Spirit   .    y - +0 scale mail
rPois   .          Reflect  .    c - +0 hat
rElec   .          Harm     .    (no cloak)
rCorr   .          Rampage  .    (no gloves)
Will    +....                    (boots unavailable) Stlth
                                 (no amulet)
HPRegen 0.28/turn                O - +4 ring of protection
MPRegen 0.13/turn                C - ring of willpower

@: lethally poisoned (0 -> -8), flying quickly and evasively, quick
A: beak, talons 3, nimble flight, agile 1, clever 1
a: no special abilities


You were on level 6 of the Dungeon.
You visited 1 branch of the dungeon, and saw 6 of its levels.

You collected 294 gold pieces.

Inventory:

Hand Weapons
 a - a +3 dagger of electrocution (weapon)
 b - a +0 sling
 g - a +0 hand axe
 l - a +0 mace of protection
 o - a +1 heavy spear
 u - a +2 spear
 x - a +2 short sword of flaming
Missiles
 j - 2 boomerangs
 A - 4 poisoned darts (quivered)
Armour
 c - a +0 hat (worn)
 e - a +0 leather armour
 w - a +0 ring mail
 y - a +0 scale mail (worn)
 D - a +0 buckler
Jewellery
 C - a ring of willpower (right hand)
 O - a +4 ring of protection (left hand)
Scrolls
 h - a scroll of fog
 p - a scroll of teleportation {unknown}
 r - 2 scrolls of summoning
 s - a scroll of enchant armour {unknown}
 v - a scroll of fear {unknown}
Potions
 f - a potion of invisibility {unknown}
 i - a potion of mutation {!q}
 k - 2 potions of flight
 m - 2 potions of berserk rage {!q}
 n - a potion of degeneration {@e1}
 q - 2 potions of ambrosia
 t - a potion of resistance {unknown}
 z - a potion of attraction {unknown}
 B - a potion of cancellation


   Skills:
 - Level 4.0 Fighting
 - Level 2.0 Short Blades
 - Level 1.1(3.3) Axes
 - Level 5.0 Polearms
 - Level 1.0 Throwing
 * Level 6.7 Dodging
 + Level 2.3 Spellcasting
 * Level 4.4 Conjurations
 - Level 2.0 Hexes
 + Level 1.3 Translocations


You had 4 spell levels left.
You knew the following spells:

 Your Spells              Type           Power      Damage    Failure   Level
b - Iskenderun's Mystic   Conj/Tloc      9%         2d4       98%         4
Y - Dazzling Flash        Conj/Hex       20%        N/A       71%         3

Your spell library contained the following spells:

 Spells                   Type           Power      Damage    Failure   Level
 Starburst                Conj/Fire      3%         6d3       100%        6


Dungeon Overview and Level Annotations

Branches:
Dungeon (6/15)             Temple (0/1) D:5

Altars:
Gozag
Nemelex Xobeh
Ru
Uskayaw
The Shining One

Annotations:
D:1 exclusion: downstairs


Innate Abilities, Weirdness & Mutations

You have a beak for a mouth.
You have claws for feet.
Your magical nature lets you fly swiftly and evasively.
You are agile. (Dex +4, Str/Int -1)
Your mind is acute. (Int +4, Str/Dex -1)


Message History

Unknown command.
Okay, then.
Unknown command.
Unknown command.
Unknown command.
You cannot move. (Use ctrl+direction or * direction to attack while stationary and confused.)
You completely miss the killer bee.
The killer bee is heavily wounded.
You feel very sick. The killer bee stings you.
* * * LOW HITPOINT WARNING * * *
You are more poisoned.
The killer bee poisons you!
The killer bee stings you but does no damage.
It was a potion of cancellation.
Your magical effects are unravelling.
You feel magically purged.
You feel less wooden.
Your +0 hat unmelds from your body.
Your +0 scale mail unmelds from your body.
You feel less invigorated.
You feel less confused.
* * * LOW HITPOINT WARNING * * *
You feel very sick. The killer bee misses you. The killer bee stings you.
* * * LOW HITPOINT WARNING * * *
You can't go down here!
It was a potion of degeneration.
There was something very wrong with that liquid.
You feel weakened.
You feel dopey.
You feel clumsy.
* * * LOW HITPOINT WARNING * * *
You feel very sick. The killer bee barely misses you.
The killer bee stings you but does no damage.
It was a potion of mutation.
You feel extremely strange.
You feel clever.
You feel agile.
* * * LOW HITPOINT WARNING * * *
You feel very sick. The killer bee stings you.
You die...

░ ░░. ░...
....[░░░░░░░░░░░░░░
♣...yF░░........░
░yyQ........░░
░░░░░░.........░
░....░.........░░
░...............░
░............░░.
░............░
..........)....░
................░░░
...................[


You could see a bullfrog and 3 killer bees.

Vanquished Creatures
  2 ogres (D:5)
  A phantom (D:5)
  A scorpion (D:5)
  A necrophage (D:3)
  3 killer bees (D:6)
  A howler monkey (D:4)
  2 hounds
  3 orc priests (D:3)
  A jelly (D:5)
  An iguana (D:4)
  4 orc wizards
  3 gnolls
  10 adders
  A shadow imp (D:3)
  An ufetubus (D:5)
  A worm (D:4)
  A dart slug (D:1)
  9 orcs
  7 ball pythons
  6 endoplasms
  4 giant cockroaches
  5 goblins
  5 hobgoblins
  6 jackals
  7 kobolds
  4 quokkas
  3 bats
  5 frilled lizards
  12 rats
110 creatures vanquished.

Notes
Turn   | Place    | Note
-------+----------+-------------------------------------------
     0 | D:1      | utis the Tengu Wanderer began the quest for the Orb.
     0 | D:1      | utis set off with the following items: a +2 spear, a +0
                  | hand axe, a +0 hat, a potion of lignification, a +0 leather
                  | armour.
     0 | D:1      | Reached XP level 1. HP: 12/12 MP: 2/2
   203 | D:1      | Reached XP level 2. HP: 16/16 MP: 3/3
   741 | D:1      | Reached XP level 3. HP: 21/21 MP: 4/4
  1796 | D:2      | Reached skill level 5 in Dodging
  1852 | D:2      | Reached XP level 4. HP: 23/26 MP: 5/5
  2427 | D:3      | Gained mutation: Your magical nature lets you fly swiftly
                  | and evasively. [Tengu growth]
  2427 | D:3      | Reached XP level 5. HP: 31/31 MP: 6/6
  2832 | D:3      | Reached XP level 6. HP: 30/37 MP: 7/7
  2929 | D:3      | Found an opulent altar of Gozag.
  2980 | D:3      | Reached skill level 5 in Polearms
  3456 | D:3      | Reached skill level 1 in Short Blades
  3456 | D:3      | Reached skill level 6 in Dodging
  3574 | D:3      | uh oh
  4090 | D:4      | Reached XP level 7. HP: 43/43 MP: 8/8
  4094 | D:4      | Learned a level 3 spell: Dazzling Flash
  4509 | D:5      | Entered Level 5 of the Dungeon
  4540 | D:5      | Found a sparkling altar of Nemelex Xobeh.
  4592 | D:5      | Reached skill level 1 in Conjurations
  4634 | D:5      | Found a staircase to the Ecumenical Temple.
  4645 | D:5      | Reached skill level 1 in Spellcasting
  4645 | D:5      | Reached skill level 1 in Hexes
  4958 | D:5      | Found a hide-covered altar of Uskayaw.
  4965 | D:5      | Learned a level 4 spell: Iskenderun's Mystic Blast
  5151 | D:5      | Found a glowing golden altar of the Shining One.
  5191 | D:5      | Reached XP level 8. HP: 48/48 MP: 12/12
  5306 | D:5      | Found a sacrificial altar of Ru.
  5599 | D:5      | Reached skill level 1 in Translocations
  5758 | D:6      | Gained mutation: Your mind is acute. (Int +4, Str/Dex -1)
                  | [potion of mutation]
  5758 | D:6      | Gained mutation: You are agile. (Dex +4, Str/Int -1)
                  | [potion of mutation]
  5758 | D:6      | HP: 1/48 [poisoned by a killer bee]
  5758 | D:6      | Slain by a killer bee

Illustrated notes

..░░░░░░░.░░░░░.░.......░.░░.░
..░.............░.......░.░░.░
░.░.░░░░░.░░░░░.░.......░.░░.░
..░.░ ░.░ ░.░░░░.░░░░.░░.░
░░░.░ ░.░ ░..[........░░.░ ░.░
░.░ ░░..░░░░░░..░░░.░ ░░░.░
░)░░░░...░░░░░..░░ ░.░ ....░
░......).).....░░ ░.░ ░░░░░
░░░░░░.[Q░░.░░░░ ░.░ ░░o░░░.░
░.░ ░.░ ░.░░░░░░░░<░ ░.░
░.░........░ ░░░░░.░
░.░.░░░░░░░░ ░.....░ ░.░.░
░░░░ ░░.░░░░░ ░.░.░░ ...░
░░...░░ ░>...░ ░░.░ ░░.....░░
░░░..░


Turn 3574 on D:3: uh oh

Levels and vault maps discovered:
D:1:      onia_arrival_pyramid, layout_basic
D:2:      wad_crossroads, layout_basic
D:3:      layout_loops_ring, lemuel_tele_altar, serial_glass, glass_columns_a,
          glass_columns_a
D:4:      layout_cave_pods
D:5:      layout_gridville, nicolae_uskayaw_suspiria, tso_oasis_becter,
          lemuel_crystal_altar, kennysheep_mini_moat, temple_fountains,
          palyth_stone_intersect
D:6:      layout_rooms, grunt_ministairs_14, hangedman_decor_push,
          hangedman_feature_mirror, uniq_crazy_yiuf_cottage

Skill      XL: |  1  2  3  4  5  6  7  8 |
---------------+-------------------------+-----
Fighting       | 2 3 4 |  4.0
Polearms       | 4 5 |  5.0
Dodging        | 5 6 |  6.7
Short Blades   | 2 |  2.0
Conjurations   | 3 4 |  4.4
Spellcasting   | 2 |  2.3
Hexes          | 2 |  2.0
Translocations | 1 |  1.3
Axes           | |  1.1
Throwing       | |  1.0

Action                     |  1- 3 |  4- 6 |  7- 9 || total
---------------------------+-------+-------+-------++-------
  Melee: Spear             |    83 |    65 |       ||   148
         Kick              |     7 |    29 |    11 ||    47
         Peck              |     5 |    15 |     9 ||    29
         Dagger            |       |    52 |    99 ||   151
         Punch             |       |     2 |       ||     2
   Fire: Sling             |    19 |       |       ||    19
  Throw: Boomerang         |     9 |    18 |     8 ||    35
         Dart              |       |       |     2 ||     2
    Use: Scroll            |       |     8 |       ||     8
         Potion            |       |       |     6 ||     6
 Armour: Leather armour    |    12 |     8 |       ||    20
         Ring mail         |       |    12 |     8 ||    20
         Scale mail        |       |       |    11 ||    11
         Skin              |       |       |    58 ||    58
  Dodge: Dodged            |    27 |    37 |    36 ||   100

Table legend: (Time is in decaauts)
 A = Elapsed time spent in this place.
 B = Non-inter-level travel time spent in this place.
 C = Inter-level travel time spent in this place.
 D = Time resting spent in this place.
 E = Time spent auto-exploring this place.
 F = Levels seen in this place.
 G = Mean time per level.
                   A        B        C        D        E       F      G
               +--------+--------+--------+--------+--------+-----+--------+
         Total |   5508 |   5258 |    250 |    488 |   3487 |   6 |  918.0 |
       Dungeon |   5508 |   5258 |    250 |    488 |   3487 |   6 |  918.0 |
               +--------+--------+--------+--------+--------+-----+--------+

Top non-repeatable levels by time:
     D:1: 1304 daAuts
     D:3: 1103 daAuts
     D:5: 1064 daAuts
     D:2: 1038 daAuts
     D:4: 922 daAuts
     D:6: 74 daAuts
